Unix NetHack Version 3.7.0-53 Work-in-progress - last build Apr 18 2022 03:42:42 (02b85442fffe0e2954e411e09df771b56fe27bbc,branch:master). Game began 2022-04-14 21:16:41, ended 2022-04-19 16:51:20. tmkrth, lawful female human Samurai ---------- ---------- ## #.B.......| |.........#########%########## #|.@......| |........| ######## ###### q --------.- |........| # ------------ ## ### |........-## |........<..##### # ----.----- |..........| qr # # |..........| q #### # |..........| # ## |........... # ---|--- ------------ @ # |.....- k ## |.....| ### |.....| # -.----.------ |......########## ##########............| |.....| # # #|...........| ------- ############################ |...........| ------------- Tmkrth the Kunoichi St:18/03 Dx:13 Co:18 In:9 Wi:8 Ch:6 Lawful S:2859 Dlvl:6 $:131 HP:0(55) Pw:19(19) AC:2 Xp:6/617 T:4102 Blind Latest messages: You see here a horn. y - a horn. What do you want to use or apply? [kprsy or ?*] Improvise? [ynq] (q) You start playing your horn. In what direction? A bolt of cold blasts out of the horn! The bolt of cold bounces! The bolt of cold hits you! The bolt of cold bounces! The bolt of cold whizzes by you! You find a hidden door. The door opens. KABOOM!! The door was booby-trapped! You stagger... You feel a bit steadier now. You see here a magenta potion. You hit the black naga hatchling. You kill the black naga hatchling! z - a magenta potion. There is a staircase down here. You see here a black naga hatchling corpse. You destroy the orc zombie! There is a staircase down here. You see here a black naga hatchling corpse. There is a black naga hatchling corpse here; eat it? [ynq] (n) You have a very bad case of stomach acid. You hear water falling on coins. You finish eating the black naga hatchling corpse. A gush of water hits you on the head! Your helm rusts! The raven bites! The raven blinds you! You can see again. You hit the raven! The raven bites! The raven blinds you! The raven bites! You miss the raven. The raven bites! You miss the raven. The raven bites! You hit the raven. The raven bites! You die... Do you want your possessions identified? [ynq] (y) Do you want to see your attributes? [ynq] (y) Do you want an account of creatures vanquished? [ynaq] (y) Do you want to see your conduct and achievements? [ynq] (y) Do you want to see the dungeon overview? [ynq] (y) Major events: Turn 1: tmkrth the lawful female human Samurai entered the dungeon 651: attained the rank of Ronin (level 3) 1121: entered the Gnomish Mines 2765: attained the rank of Kunoichi (level 6) 4102: killed by a raven Inventory: Coins ('$') $ - 131 gold pieces Weapons (')') w - 8 +0 silver arrows d - 25 +0 ya (in quiver) f - a +0 yumi c - a corroded +0 katana (weapon in hand) Armor ('[') q - an uncursed rusty +0 dwarvish iron helm (being worn) A - an uncursed +0 orcish shield (being worn) e - an uncursed rustproof +0 splint mail (being worn) Comestibles ('%') t - an uncursed slime mold v - an uncursed slime mold p - an uncursed cream pie g - 3 uncursed gunyoki u - 2 uncursed gunyoki l - 2 cursed eggs Scrolls ('?') x - an uncursed scroll of identify Potions ('!') z - a cursed potion of sake h - an uncursed potion of water Tools ('(') r - a bag of tricks (0:18) y - a frost horn (0:6) k - an uncursed skeleton key s - a +0 unicorn horn Tmkrth the Samurai's attributes: Background: You were a Kunoichi, a level 6 female human Samurai. You were lawful, nominally on a mission for Amaterasu Omikami who was opposed by Raijin (neutral) and Susanowo (chaotic). You were in the Dungeons of Doom, on level 6. You entered the dungeon 4102 turns ago. You had 617 experience points, 23 more were needed to attain level 7. Your score was 2859 before end-of-game adjustments. Basics: You had 0 out of 55 hit points. You had all 19 energy points (spell power). Your armor class was 2. Your wallet contained 131 zorkmids. Autopickup was off. Final Characteristics: Your strength was 18/03 (limit:18/100). Your dexterity was 13 (limit:18). Your constitution was 18 (limit:18). Your intelligence was 9 (limit:18). Your wisdom was 8 (limit:18). Your charisma was 6 (limit:18). Final Status: You were temporarily blind. You were not hungry. You were unencumbered. You were wielding a long sword. You had basic skill with long sword and could have enhanced that. Final Attributes: You were piously aligned. You were telepathic. You were warded. You were fast. You are dead. Miscellaneous: You never encountered a bones level. Total elapsed playing time was 52 minutes and 20 seconds. Vanquished creatures: a large mimic a small mimic a housecat a gray unicorn 2 Mordor orcs a rock piercer a rock mole a pony a fog cloud a gnomish wizard a black naga hatchling 2 giant ants 3 little dogs 2 floating eyes a kitten a homunculus 2 kobold leaders a centipede 2 giant bats an orc zombie a werejackal an iguana an acid blob 3 coyotes 2 gas spores a large kobold a hobgoblin 4 giant rats 2 brown molds 4 green molds 4 geckos 13 jackals 3 kobolds 5 goblins 4 sewer rats 5 grid bugs a bat 5 lichens 13 newts 100 creatures vanquished. No species were genocided or became extinct. Voluntary challenges: You were an atheist. You read items or engraved 4 times. You engraved Elbereth 1 time. You never genocided any monsters. You never polymorphed an object. You never changed form. You used no wishes. Achievements: You attained the rank of Ronin. You entered the Gnomish Mines. You entered a shop. You attained the rank of Kunoichi. The Dungeons of Doom: levels 1 to 6 Level 1: A fountain, a sink. Level 2: "vault" A fountain, a sink. Stairs down to The Gnomish Mines. Level 3: A weapon shop. Level 4: "stash at the shop" A general store, a fountain. Level 5: "vault" Some fountains, a sink. Level 6: <- You were here. Final resting place for you, killed by a raven. The Gnomish Mines: Level 3: Game over: ---------- / \ / REST \ / IN \ / PEACE \ / \ | tmkrth | | 131 Au | | killed by a | | raven | | | | | | 2022 | *| * * * | * _________)/\\_//(\/(/\)/\//\/|_)_______ Sayonara tmkrth the Samurai... You died in The Dungeons of Doom on dungeon level 6 with 2846 points, and 131 pieces of gold, after 4102 moves. You were level 6 with a maximum of 55 hit points when you died.